Map: Ascension to Aiur LE

Players

lllllllllllI - Winner!

  • Race: Protoss Protoss
  • League: Master
  • Spawn Location: 5:00

wannaBe

  • Race: Zerg Zerg
  • League: Master
  • Spawn Location: 11:00

VOD

Have the link to the VOD?

Description

Time

  • Played on: Dec. 18, 2017, 5:51 p.m.
  • Length: 17:14
Show
View Real Time Build Order
Export as new Build Order

lllllllllllI Protoss - Winner!

Build Orders: Cannon Rush 

Get SALT Encoding   

  12  0:01  Probe  
  13  0:13  Probe  
  14  0:20  Pylon  
  14  0:25  Probe  
  15  0:38  Probe  
  16  0:46  Forge  
  16  0:50  Probe  
  17  1:02  Probe  
  18  1:14  Probe  
  18  1:16  Pylon  
  19  1:26  Probe  
  20  1:34  Photon Cannon  
  20  1:38  Probe  
  21  1:40  Photon Cannon  
  21  1:41  Photon Cannon  
  21  1:48  Photon Cannon  
  21  1:50  Probe  
  22  1:57  Assimilator  
  22  2:00  Assimilator x2  
  22  2:12  Probe  
  23  2:23  Gateway, Photon Cannon  
  23  2:25  Probe  
  23  2:26  Pylon  
  25  2:37  Probe  
  25  2:53  Nexus  
  25  3:10  Cybernetics Core  
  25  3:15  Pylon  
  25  3:18  Pylon  
  25  3:51  Shield Battery  
  25  3:54  Shield Battery  
  25  3:57  Stargate  
  25  3:58  Stargate  
  22  4:08  Assimilator  
  21  4:26  Assimilator  
  21  4:35  Photon Cannon  
  25  4:53  Void Ray (Chrono Boost)  
  24  5:14  Pylon  
  24  5:21  Void Ray (Chrono Boost)  
  28  5:28  Photon Cannon  
  28  5:44  Shield Battery  
  28  5:47  Probe  
  29  6:00  Void Ray  
  33  6:08  Pylon  
  33  6:36  Pylon  
  33  6:39  Void Ray  
  37  7:02  Void Ray  
  42  7:09  Probe (Chrono Boost)  
  43  7:18  Probe (Chrono Boost)  
  43  7:28  Forge  
  43  7:49  Void Ray  
  47  8:17  Pylon  
  47  8:28  Pylon  
  47  8:31  Pylon  
  47  8:44  Photon Cannon  
  55  8:52  Void Ray (Chrono Boost)  
  55  8:58  Void Ray (Chrono Boost)  
  54  9:37  Pylon  
  54  9:44  Pylon  
  54  9:47  Pylon  
  62  10:03  Oracle x2  
  60  10:19  Probe  
  60  10:31  Probe  
  49  10:56  Oracle  
  55  11:11  Photon Cannon  
  52  12:02  Oracle (Chrono Boost)  
  52  12:05  Forge  
  52  12:07  Probe  
  56  12:21  Gateway  
  56  12:29  Nexus  
  56  12:30  Pylon  
  56  12:33  Assimilator  
  56  12:38  Assimilator  
  56  12:53  Oracle (Chrono Boost)  
  59  13:01  Probe  
  60  13:06  Photon Cannon  
  60  13:10  Photon Cannon  
  60  13:12  Photon Cannon  
  60  13:13  Pylon, Probe  
  60  13:17  Gateway x2  
  61  13:20  Gateway  
  61  13:23  Gateway  
  53  13:52  Void Ray  
  57  13:55  Nexus  
  57  14:13  Photon Cannon  
  57  14:14  Photon Cannon  
  57  14:36  Void Ray (Chrono Boost)  
  58  14:56  Nexus  
  58  14:59  Pylon  
  58  15:23  Photon Cannon  
  58  15:26  Gateway x2  
  58  15:29  Gateway  
  51  16:15  Zealot x3  
  54  16:28  Pylon  
Show
View Real Time Build Order
Export as new Build Order

wannaBe Zerg 

Build Orders: Hatch First 

Get SALT Encoding   

  12  0:01  Drone  
  13  0:13  Overlord  
  13  0:19  Drone  
  14  0:32  Drone x2  
  16  0:38  Drone  
  17  0:51  Hatchery  
  17  0:55  Drone  
  17  0:58  Drone  
  18  1:09  Extractor  
  17  1:15  Spawning Pool  
  17  1:16  Drone  
  17  1:21  Drone  
  18  1:29  Drone  
  19  1:41  Overlord  
  19  2:01  Queen  
  19  2:02  Zergling x4  
  23  2:14  Zergling x2  
  24  2:19  Metabolic Boost  
  24  2:24  Evolution Chamber  
  24  2:28  Zergling x2  
  24  2:45  Zergling x4  
  26  3:02  Overlord  
  26  3:07  Zergling x2  
  27  3:15  Zergling x2  
  27  3:16  Zergling x4  
  28  3:51  Zergling x2  
  28  3:52  Zergling x10  
  32  4:14  Zergling x4  
  34  4:19  Queen  
  36  4:25  Extractor  
  35  5:01  Roach Warren  
  35  5:05  Hatchery  
  33  5:11  Drone x3  
  35  5:26  Drone  
  34  5:32  Hatchery  
  33  5:36  Drone x2  
  33  5:37  Drone  
  36  5:51  Drone  
  36  5:52  Zerg Missile Weapons Level 1  
  37  6:08  Overlord x3  
  37  6:09  Overlord  
  37  6:16  Queen  
  37  6:17  Queen  
  32  6:43  Roach x9  
  48  6:57  Queen, Pneumatized Carapace  
  48  7:14  Roach  
  48  7:15  Roach x5  
  48  7:31  Hatchery  
  47  7:46  Queen  
  47  7:50  Zerg Melee Weapons Level 1  
  47  8:23  Queen  
  49  8:28  Hatchery  
  48  8:44  Queen  
  50  9:02  Queen  
  53  9:07  Drone x7  
  59  9:17  Overlord  
  59  9:18  Overlord  
  59  9:26  Extractor  
  59  9:29  Extractor, Queen  
  59  9:31  Overlord  
  61  10:03  Hatchery  
  60  10:11  Overlord  
  60  10:20  Hatchery  
  61  10:48  Ravager  
  61  10:49  Ravager x8  
  70  10:54  Hatchery  
  67  11:23  Queen  
  48  11:59  Queen  
  44  12:01  Roach  
  44  12:02  Roach x2  
  44  12:04  Roach  
  52  12:26  Queen  
  54  12:35  Queen  
  56  12:39  Ravager  
  56  12:40  Ravager x3  
  56  12:41  Roach  
  62  12:55  Roach x3  
  68  13:04  Ravager  
  69  13:07  Queen  
  71  13:13  Queen  
  73  13:25  Ravager x2  
  75  13:55  Overlord x3  
  73  14:06  Ravager  
  61  14:34  Queen  
  61  14:37  Hatchery  
  63  14:45  Hatchery  
  62  14:54  Roach x4  
  70  15:13  Queen  
  72  15:28  Ravager x4  
Tags
 
Add a new tag
Caveats
  • Supply blocks, unpowered buildings, or Contaminate may cause inaccurate times.
  • Supply counts are checked every 10 seconds.